Map: Ley Lines

Players

HuShang

  • Race: Protoss Protoss
  • League: Master
  • Spawn Location: 1:00

A.I. 2 (Very Easy) - Winner!

  • Race: Protoss Protoss
  • Spawn Location: 7:00

VOD

Have the link to the VOD?

Description

Time

  • Played on: Dec. 28, 2024, 8:02 p.m.
  • Length: 9:24
Show
View Real Time Build Order
Export as new Build Order

HuShang Protoss 

Build Orders: Zealot Archon 

Get SALT Encoding   

  12  0:00  Probe  
  13  0:12  Probe  
  14  0:17  Pylon  
  14  0:24  Probe  
  15  0:35  Probe  
  15  0:37  Gateway  
  16  0:44  Probe, Assimilator  
  17  0:52  Probe  
  18  0:58  Assimilator  
  18  1:03  Probe  
  19  1:15  Probe  
  20  1:20  Gateway  
  20  1:23  Probe  
  20  1:25  Cybernetics Core  
  20  1:31  Probe  
  21  1:35  Pylon  
  22  1:41  Probe  
  23  1:57  Probe  
  24  2:04  Warp Gate  
  24  2:07  Adept x2  
  28  2:11  Pylon  
  28  2:30  Nexus  
  28  2:32  Probe  
  29  2:37  Sentry x2  
  33  2:44  Probe  
  33  2:50  Robotics Facility  
  34  2:53  Probe  
  35  3:01  Probe  
  35  3:04  Pylon  
  36  3:10  Probe  
  37  3:22  Probe  
  37  3:26  Warp Prism  
  36  3:35  Probe  
  37  3:42  Probe  
  37  3:47  Probe  
  39  3:49  Immortal  
  39  3:54  Probe  
  39  3:55  Sentry  
  42  3:59  Probe  
  42  4:02  Shield Battery  
  47  4:06  Probe  
  48  4:11  Probe  
  48  4:13  Twilight Council  
  49  4:18  Probe  
  49  4:23  Immortal, Probe  
  51  4:29  Pylon  
  51  4:31  Probe  
  56  4:35  Probe  
  57  4:41  Pylon  
  57  4:43  Probe  
  57  4:44  Adept x2  
  62  4:47  Probe  
  62  4:48  Charge, Assimilator  
  62  4:49  Assimilator  
  63  4:53  Dark Shrine  
  63  5:01  Probe x2  
  65  5:10  Pylon  
  61  5:17  Gateway  
  61  5:18  Gateway  
  61  5:24  Gateway x2  
  61  5:33  Gateway  
  61  5:37  Gateway  
  61  5:43  Zealot x2  
  65  5:50  Pylon  
  65  5:58  Immortal, Forge  
  65  6:10  Protoss Ground Weapons Level 1  
  69  6:13  Dark Templar  
  69  6:14  Dark Templar x3  
  77  6:26  Zealot x2  
  81  6:37  Observer  
  82  6:41  Nexus  
  82  6:45  Dark Templar  
  82  6:46  Dark Templar  
  86  6:52  Archon  
  86  6:53  Zealot x2  
  90  7:02  Archon  
  90  7:03  Archon  
  90  7:08  Dark Templar  
  90  7:09  Dark Templar  
  90  7:13  Pylon x2  
  94  7:19  Archon  
  94  7:29  Pylon  
  94  7:30  Pylon  
  94  7:31  Pylon  
  94  7:32  Dark Templar x2, Pylon  
  94  7:33  Zealot  
  94  7:36  Zealot  
  102  7:38  Archon  
  102  7:40  Zealot  
  102  7:43  Zealot  
  106  7:58  Dark Templar x2  
  106  7:59  Zealot x2  
  114  8:09  Zealot x3  
  120  8:13  Archon  
  120  8:21  Dark Templar x2  
  120  8:22  Zealot  
Show
View Real Time Build Order
Export as new Build Order

A.I. 2 (Very Easy) Protoss - Winner!

Build Orders: 1 Gate Expand, Nexus First 

Get SALT Encoding   

  12  0:00  Probe  
  13  0:13  Probe  
  14  0:19  Pylon  
  14  0:43  Gateway  
  14  1:01  Nexus  
  14  1:18  Pylon  
  14  1:21  Zealot  
  14  1:22  Assimilator  
  16  1:35  Cybernetics Core  
  16  1:36  Probe  
  17  1:49  Probe  
  18  1:59  Probe, Assimilator  
  18  2:08  Probe  
  19  2:12  Stalker  
  19  2:14  Probe  
  22  2:16  Warp Gate  
  22  2:21  Probe  
  23  2:26  Probe  
  25  2:37  Probe  
  26  2:54  Probe  
  27  3:00  Probe  
  27  3:03  Assimilator  
  27  3:05  Pylon  
  28  3:08  Probe  
  28  3:12  Probe  
  27  3:15  Robotics Facility  
  26  3:26  Zealot  
  23  3:30  Probe  
  22  3:37  Probe  
  21  3:44  Probe  
  22  3:51  Probe, Assimilator  
  23  3:59  Probe  
  24  4:03  Observer  
  24  4:04  Probe  
  26  4:13  Probe  
  26  4:16  Probe  
  28  4:28  Probe  
  29  4:35  Probe  
  29  4:37  Zealot  
  32  4:39  Observer  
  32  4:42  Probe  
  34  4:49  Probe  
  34  4:56  Probe  
  31  5:04  Probe  
  31  5:05  Stalker  
  33  5:11  Probe  
  32  5:16  Probe  
  33  5:26  Probe  
  34  5:29  Probe  
  34  5:34  Zealot  
  37  5:40  Probe  
  38  5:47  Probe  
  39  5:55  Probe  
  40  6:02  Probe  
  41  6:09  Probe  
  42  6:14  Probe  
  43  6:21  Probe  
  44  6:26  Probe  
  45  6:33  Probe, Pylon  
  46  6:45  Sentry, Probe  
  34  6:52  Probe  
  32  7:00  Probe  
  27  7:07  Probe  
  28  7:14  Probe, Stalker  
  29  7:21  Probe  
  30  7:24  Probe  
  31  7:36  Probe  
  32  7:39  Probe  
  32  7:42  Zealot  
  35  7:50  Probe  
  35  8:04  Probe  
  22  8:09  Observer  
  22  8:11  Stalker  
  23  8:17  Probe  
  24  8:29  Probe  
  24  8:31  Nexus  
Tags
 
Composition
Zealot Archon
League
Master
Matchup
PvP
Spawn Locations
Cross Positions
Add a new tag
Caveats
  • Supply blocks, unpowered buildings, or Contaminate may cause inaccurate times.
  • Supply counts are checked every 10 seconds.